 Dungeon Crawl Stone Soup version 0.29.1-2-gbd0b4ee654 (webtiles) character file.

Game seed: 656128683448204224

942 zeram the Magician (level 7, -2/32 HPs)
             Began as a Spriggan Fire Elementalist on Nov 30, 2022.
             Killed from afar by Dowan (7 damage)
             ... with a puff of frost
             ... on level 4 of the Dungeon.
             The game lasted 00:17:02 (8017 turns).

zeram the Magician (Spriggan Fire Elementalist)     Turns: 8017, Time: 00:17:03

Health: -2/32      AC:  2    Str:  4    XL:     7   Next: 88%
Magic:  18/18      EV: 16    Int: 19    God:
Gold:   146        SH:  0    Dex: 15    Spells: 0/19 levels left

rFire   . . .      SeeInvis +   m - +5 whip (vamp)
rCold   . . .      Faith    .   (no shield)
rNeg    . . .      Spirit   .   a - +0 robe
rPois   .          Reflect  .   (helmet restricted)
rElec   .          Harm     .   (no cloak)
rCorr   .          Rampage  .   (gloves unavailable)
Will    +....                   (boots unavailable)
Stlth   ++........              (no amulet)
HPRegen 0.10/turn               (no ring)
MPRegen 0.16/turn               (no ring)

@: grasped by roots, constricted, very quick
A: very small, no large weapons, unfitting armour, see invisible, speed 3
a: no special abilities


You were on level 4 of the Dungeon.
You visited 1 branch of the dungeon, and saw 5 of its levels.
You also visited: Ossuary.

You collected 228 gold pieces.
You spent 82 gold pieces at shops.

Inventory:

Hand Weapons
 e - a +0 club
 m - a +5 vampiric whip (weapon)
Armour
 a - a +0 robe (worn)
Wands
 n - a wand of roots (2)
Scrolls
 p - 2 scrolls of amnesia
 q - 5 scrolls of identify
Potions
 b - 2 potions of magic
 c - a potion of cancellation
 d - 4 potions of heal wounds {unknown}
 f - a potion of flight {unknown}
 g - a potion of lignification {unknown}
 i - 4 potions of might
 j - 4 potions of haste
 k - a potion of resistance
 l - 2 potions of berserk rage {unknown}
 o - 2 potions of ambrosia {unknown}
 r - 2 potions of invisibility {unknown}
 s - 2 potions of curing
 u - 2 potions of attraction {unknown}


   Skills:
 + Level 5.8 Dodging
 - Level 3.0 Stealth
 + Level 6.9 Spellcasting
 + Level 1.9 Conjurations
 + Level 5.2 Fire Magic
 + Level 0.1 Evocations


You couldn't memorise any spells.
You knew the following spells:

 Your Spells              Type           Power      Damage    Failure   Level
a - Foxfire               Conj/Fire      80%        2x1d8     2%          1
b - Scorch                Fire           52%        2d7       1%          2
c - Conjure Flame         Conj/Fire      20%        6-21      7%          3
d - Flame Wave            Conj/Fire      20%        2d7       24%         4
e - Inner Flame           Hex/Fire       16%        N/A       11%         3
f - Summon Cactus Giant   Summ           3%         N/A       100%        6

Your spell library contained the following spells:

 Spells                   Type           Power      Damage    Failure   Level
 Dazzling Flash           Conj/Hex       20%        N/A       21%         3
 Ozocubu's Armour         Ice            6%         N/A       30%         3
 Iskenderun's Mystic Bla  Conj/Tloc      10%        2d4       56%         4
 Starburst                Conj/Fire      10%        6d5       98%         6
 Ozocubu's Refrigeration  Ice            3%         4d8       100%        7


Dungeon Overview and Level Annotations

Branches:
Dungeon (5/15)            Ossuary (visited)
 Temple: D:4-7

Altars:
Ashenzari
Dithmenos
Vehumet
The Shining One

Shops:
D:2 *   D:4 *

Annotations:
D:4 Dowan, Duvessa


Innate Abilities, Weirdness & Mutations

You are very small and have problems with some larger weapons.
You are too small for most types of armour.
You have supernaturally acute eyesight. (SInv)
You cover ground extremely quickly. (Speed+++)


Message History

You hit the scorpion but do no damage.
The scorpion is lightly wounded.
The scorpion closely misses you.
You hit the scorpion.
The scorpion is moderately wounded.
The scorpion stings you!
You are poisoned.
The scorpion poisons you!
You completely miss the scorpion.
The scorpion is moderately wounded.
You feel very sick. The scorpion barely misses you. The scorpion misses you.
You closely miss the scorpion.
The scorpion is moderately wounded.
You feel very sick. The scorpion misses you.
You hit the scorpion but do no damage.
The scorpion is moderately wounded.
You feel sick. The scorpion barely misses you.
You are too injured to fight recklessly!
You feel sick.
You feel sick.
There is a stone staircase leading up here.
You feel sick.
You feel sick.
There is an open door here.
You feel sick.
You feel sick.
You feel sick.
You are no longer poisoned.
There is a stone staircase leading up here.
You climb upwards.
Level annotation: Dowan, Duvessa Duvessa zaps a wand.
The roots erupt in riotous growth!
The grasping roots grab you! The grasping roots constrict you.
* * * LOW HITPOINT WARNING * * *
Dowan casts a spell at you. The puff of frost hits you!
You die...

......................#.8.#.###)#
........####..........#...#.))...
.......##..##.........##'##))#g#.
.......#....#................#.#.
....<.##.⌠._#.........#......#.##
......#.....#.........#....###...
......#....##.........#....######
......'...⌠#..........#......####
......#....##...@...).#..........
......#.....#....................
......##.⌠._#.............#......
.#.#.###....####.e........#......
.#.#.# ##..###.e.......).........
.#.#.#########...................
.#...........................#...
.#........####.....##....#.......
.#........####.....##....#...####


You could see Duvessa and Dowan.

Vanquished Creatures
  Eustachio (D:3)
  A black bear (D:4)
  A phantom (D:5)
  2 necrophages (D:5)
  2 scorpions (D:4)
  A howler monkey (D:3)
  A centaur zombie (Ossuary)
  A jelly (D:4)
  2 human zombies (Ossuary)
  Terence (D:2)
  Natasha (twice) (D:2)
  3 mummies
  Robin (D:4)
  4 adders
  An ufetubus (D:4)
  2 worms (D:2)
  A dart slug (D:1)
  4 orcs (D:4)
  10 ball pythons
  4 bats
  2 endoplasms (D:1)
  3 giant cockroaches
  A gnoll zombie (Ossuary)
  12 goblins
  6 hobgoblins
  4 quokkas
  A frilled lizard (D:2)
  7 kobolds
  2 kobold zombies
  4 orc zombies
  3 rats
90 creatures vanquished.

Vanquished Creatures (others)
  106 foxfires
  3 plants
109 creatures vanquished.

Grand Total: 199 creatures vanquished

Notes
Turn   | Place    | Note
-------+----------+-------------------------------------------
     0 | D:1      | zeram the Spriggan Fire Elementalist began the quest for
                  | the Orb.
     0 | D:1      | Reached XP level 1. HP: 9/9 MP: 5/5
    38 | D:1      | Found a faded altar of an unknown god.
   284 | D:1      | Reached XP level 2. HP: 9/13 MP: 2/6
   424 | D:1      | Reached skill level 3 in Spellcasting
  1034 | D:1      | Reached skill level 1 in Conjurations
  1345 | D:1      | Learned a level 2 spell: Scorch
  1452 | D:2      | Reached XP level 3. HP: 6/16 MP: 3/8
  1456 | D:2      | Learned a level 3 spell: Conjure Flame
  1638 | D:2      | Noticed Natasha
  1647 | D:2      | Killed Natasha
  2431 | D:2      | Reached XP level 4. HP: 21/21 MP: 10/10
  2607 | D:2      | Found Foluchupn's General Store.
  2616 | D:2      | Bought a scroll of enchant weapon for 82 gold pieces
  2895 | D:2      | Learned a level 4 spell: Flame Wave
  2990 | D:2      | Noticed Terence
  3111 | D:2      | Killed Terence
  3144 | D:2      | Noticed Natasha
  3207 | D:2      | Killed Natasha
  3208 | D:2      | Reached skill level 4 in Spellcasting
  3410 | D:3      | Reached XP level 5. HP: 22/24 MP: 7/12
  3945 | D:4      | Noticed Eustachio
  4439 | D:3      | Killed Eustachio
  4440 | D:3      | Reached skill level 5 in Spellcasting
  4440 | D:3      | Reached XP level 6. HP: 8/28 MP: 0/15
  4676 | D:3      | Learned a level 3 spell: Inner Flame
  4688 | D:4      | Found a radiant altar of Vehumet.
  4689 | D:4      | Found a shadowy altar of Dithmenos.
  4717 | D:4      | Found a sand-covered staircase.
  4726 | Ossuary  | Entered an ossuary
  5288 | Ossuary  | Reached XP level 7. HP: 21/32 MP: 12/16
  5559 | D:4      | Reached skill level 6 in Spellcasting
  5664 | D:4      | Found a glowing golden altar of the Shining One.
  5918 | D:4      | Found a broken altar of Ashenzari.
  5926 | D:4      | Noticed Robin
  6184 | D:4      | Reached skill level 5 in Dodging
  6248 | D:4      | Noticed Duvessa
  6336 | D:4      | Killed Robin
  6975 | D:4      | Found Sahe Xirch's Assorted Antiques.
  7044 | D:4      | Noticed Dowan
  7056 | D:5      | Entered Level 5 of the Dungeon
  7069 | D:5      | Reached skill level 5 in Fire Magic
  7966 | D:5      | Learned a level 6 spell: Summon Cactus Giant
  8017 | D:4      | Killed from afar by Dowan

Illustrated notes

Levels and vault maps discovered:
D:1:      dpeg_arrival_tiny_f, layout_basic, basic_ecumenical_altar,
          serial_bayou_pond_c, minmay_tiny_reverse_x
D:2:      layout_basic, serial_shops, nicolae_shop_crystal,
          minmay_misc_feat_doors, uniq_terence, uniq_natasha
D:3:      layout_rooms
D:4:      layout_basic, nicolae_overflow_crystal_walls,
          mainiacjoe_overflow_cross_hatched, gammafunk_temple_overflow_pools,
          led_sif_pool, serial_shops, nicolae_shop_overgrown_old_shop,
          nicolae_ossuary_entry_giza, minmay_misc_feat_room,
          minmay_quadrilaterals, uniq_eustachio, uniq_robin, uniq_duvessa
D:5:      layout_basic

Skill      XL: |  1  2  3  4  5  6  7 |
---------------+----------------------+-----
Spellcasting   | 3 4 5 6 |  6.9
Conjurations   | 1 |  1.9
Dodging        | 3 4 5 |  5.8
Fire Magic     | 3 4 5 |  5.2
Stealth        | |  3.0
Evocations     | |  0.1

Action                   |  1- 3 |  4- 6 |  7- 9 || total
-------------------------+-------+-------+-------++-------
Melee: Club              |    80 |       |       ||    80
       Punch             |     1 |     3 |     2 ||     6
       Whip              |       |    79 |    87 ||   166
 Cast: Foxfire           |    34 |    18 |    14 ||    66
       Scorch            |       |    33 |    13 ||    46
Evoke: Wand              |       |     1 |       ||     1
  Use: Scroll            |     4 |     7 |     4 ||    15
       Potion            |     1 |     1 |       ||     2
 Stab: Sleeping          |     2 |     3 |       ||     5
Armor: Robe              |    10 |     6 |     9 ||    25
Dodge: Dodged            |    88 |    84 |   119 ||   291
